 Dungeon Crawl Stone Soup version 0.28.0-45-g0d030f2227 (webtiles) character file.

Game seed: 11249031389447362671

41 NinjaNoafa the Chiller (level 3, 0/26 HPs)
             Began as a Human Ice Elementalist on Apr 25, 2022.
             Hit by a goblin thrown by Robin (3 damage)
             ... on level 2 of the Dungeon.
             The game lasted 00:03:08 (1382 turns).

NinjaNoafa the Chiller (Human Ice Elementalist)     Turns: 1382, Time: 00:03:09

Health: 0/26       AC:  2    Str:  8    XL:     3   Next: 75%
Magic:  5/6        EV: 12    Int: 17    God:
Gold:   54         SH:  0    Dex: 13    Spells: 5/6 levels left

rFire   . . .      SeeInvis .   f - +1 hunting sling
rCold   . . .      Faith    .   (no shield)
rNeg    . . .      Spirit   .   a - +0 robe
rPois   .          Reflect  .   (no helmet)
rElec   .          Harm     .   (no cloak)
rCorr   .          Rampage  .   (no gloves)
Will    .....                   (no boots)
Stlth   ++........              (no amulet)
HPRegen 0.08/turn               (no ring)
MPRegen 0.10/turn               (no ring)

@: hasted, very quick
A: no striking features
a: no special abilities


You were on level 2 of the Dungeon.
You visited 1 branch of the dungeon, and saw 2 of its levels.

You collected 54 gold pieces.

Inventory:

Hand Weapons
 b - a +0 hand axe
 f - a +1 hunting sling (weapon)
Missiles
 c - 60 stones
 g - 45 sling bullets (quivered ammo)
Armour
 a - a +0 robe (worn)
Jewellery
 j - an amulet of guardian spirit
Scrolls
 k - a scroll of torment {unknown}
Potions
 l - a potion of cancellation {unknown}


   Skills:
 - Level 1.0 Fighting
 + Level 2.5 Dodging
 - Level 2.0 Stealth
 + Level 2.4 Spellcasting
 + Level 4.3 Ice Magic
 + Level 0.5 Earth Magic


You had 5 spell levels left.
You knew the following spells:

 Your Spells              Type           Power      Damage    Failure   Level
a - Freeze                Ice            64%        1d8       3%          1

Your spell library contained the following spells:

 Spells                   Type           Power      Damage    Failure   Level
 Frozen Ramparts          Ice            32%        1d5       10%         3
 Ozocubu's Armour         Ice            16%        N/A       10%         3
 Sandblast                Erth           6%         2d5       16%         1
 Passwall                 Tmut/Erth      1%         N/A       26%         2
 Stone Arrow              Conj/Erth      4%         3d7       45%         3
 Hailstorm                Conj/Ice       9%         3d4       58%         4


Dungeon Overview and Level Annotations

Branches:
Dungeon (2/15)

Altars:

Annotations:
D:2 Robin


Message History

It was a potion of magic.
Magic courses through your body. The hobgoblin hits you.
The goblin hits you with a +0 club.
A goblin comes into view. It is wielding a +0 dagger.
The hobgoblin misses you.
Okay, then.
Casting: Freeze (safe; 3% risk of failure)
Confirm with . or Enter, or press ? or * to list all spells.
Aiming: Freeze (safe; 3% risk of failure)
Press: ? - help, Shift-Dir - straight line, f/p - goblin
Aim: a goblin, wielding a +0 club (strong)
You freeze the goblin.
You kill the goblin!
The goblin shouts!
The hobgoblin closely misses you. The hobgoblin hits you.
Casting: Freeze (safe; 3% risk of failure)
Confirm with . or Enter, or press ? or * to list all spells.
Aiming: Freeze (safe; 3% risk of failure)
Press: ? - help, Shift-Dir - straight line, f - hobgoblin
Aim: a hobgoblin (strong)
You miscast Freeze.
You are very lightly contaminated with residual magic.
Nothing appears to happen.
The hobgoblin hits you.
* * * LOW HITPOINT WARNING * * *
The hobgoblin hits you.
* * * LOW HITPOINT WARNING * * *
It was a potion of haste.
You feel yourself speed up. The hobgoblin closely misses you.
The hobgoblin hits you.
* * * LOW HITPOINT WARNING * * *
You feel as though your hastened speed will last longer.
The hobgoblin closely misses you.
Robin flexes a bicep menacingly.
Your magical contamination has completely faded away.
As you read the scroll labelled FEDYOG NIFOIT, it crumbles to dust.
You hear a loud clanging noise!
It was a scroll of noise.
As you read the scroll labelled ZUFEUKHLONTE, it crumbles to dust.
It is a scroll of enchant weapon.
Your +0 hunting sling glows red for a moment.
Robin throws the goblin at you!
You die...

# ##..# # ##..g## #
#####..g..#########
#
...>........).....#
#
###......#######.#
.....#.g..# #.#
#######.#.# #.# #
#.#.# #.# # #@#.#
#(# # #g#.# ###.# #
....# #...# # #.#
##.#######.#######
# #.# #.#
#........... # #.#
..# #.##.#######
#.# ### #.##.# #.#
#.##.# #.# #.#
#.##.#


You could see Robin, 2 hobgoblins and a goblin (strong).

Vanquished Creatures
  An adder (D:2)
  2 dart slugs (D:1)
  A bat (D:1)
  4 endoplasms (D:1)
  4 goblins
  2 hobgoblins
  3 jackals (D:1)
  3 ball pythons
  A frilled lizard (D:1)
  2 kobolds
  2 rats (D:1)
25 creatures vanquished.

Notes
Turn   | Place    | Note
-------+----------+-------------------------------------------
     0 | D:1      | NinjaNoafa the Human Ice Elementalist began the quest for
                  | the Orb.
     0 | D:1      | Reached XP level 1. HP: 13/13 MP: 3/3
   177 | D:1      | Reached XP level 2. HP: 20/20 MP: 0/5
   792 | D:1      | Reached XP level 3. HP: 25/25 MP: 6/6
   841 | D:1      | Reached skill level 1 in Fighting
  1361 | D:2      | Noticed Robin
  1382 | D:2      | Hit by a goblin thrown by Robin

Illustrated notes

Levels and vault maps discovered:
D:1:      saegor_arrival_simple_b, layout_basic
D:2:      layout_loops_ring, basic_altar, uniq_robin

Skill      XL: |  1  2  3 |
---------------+----------+-----
Fighting       | 1 |  1.0
Dodging        | |  2.5
Stealth        | |  2.0
Spellcasting   | |  2.4
Ice Magic      | |  4.3
Earth Magic    | |  0.5

Action                   || total
-------------------------++-------
Melee: Hand axe          ||     6
 Fire: Hunting sling     ||    36
 Cast: Freeze            ||    19
  Use: Potion            ||     3
       Scroll            ||     2
Armor: Robe              ||     6
Dodge: Dodged            ||    31
